 Dungeon Crawl Stone Soup version 0.29-a0-330-g52719c12eb (webtiles) character file.

Game seed: 2537076862105595194

1082 kae the Firebug (level 7, -8/50 HPs)
             Began as a Demigod Fire Elementalist on Apr 29, 2022.
             Mangled by a komodo dragon (12 damage)
             ... on level 5 of the Dungeon.
             The game lasted 00:03:51 (8073 turns).

kae the Firebug (Demigod Fire Elementalist)         Turns: 8073, Time: 00:03:52

Health: -8/50      AC:  4    Str:  9    XL:     7   Next: 81%
Magic:  16/26      EV: 27    Int: 28    God:
Gold:   185        SH:  0    Dex: 14    Spells: 2/15 levels left

rFire   . . .      SeeInvis .   v - +9 trident of Big Damage {vorpal, MP+9}
rCold   . . .      Faith    .   (no shield)
rNeg    + . .      Spirit   .   a - +1 robe
rPois   +          Reflect  .   (no helmet)
rElec   .          Harm     .   (no cloak)
rCorr   +          Rampage  .   s - +0 pair of gloves of Wisdom {rCorr Int+3 Slay+5}
Will    .....                   (no boots)
Stlth   ++........              y - amulet of the acrobat
HPRegen 0.16/turn               c - ring of positive energy
MPRegen 0.20/turn               f - ring of poison resistance

@: acrobatic, very slightly contaminated
A: high MP 1, forlorn, divine attributes
a: no special abilities


You were on level 5 of the Dungeon.
You visited 1 branch of the dungeon, and saw 5 of its levels.

You collected 185 gold pieces.

Inventory:

Hand Weapons
 v - the +9 trident of Big Damage (weapon) {vorpal, MP+9}
   (You found it on level 4 of the Dungeon)

   It inflicts extra damage upon your enemies.
   MP:        It affects your magic capacity (+9).
Missiles
 x - a throwing net
Armour
 a - a +1 robe (worn)
 s - the +0 pair of gloves of Wisdom (worn) {rCorr Int+3 Slay+5}
   (You found it on level 3 of the Dungeon)

   Int:       It affects your intelligence (+3).
   Slay:      It affects your accuracy & damage with ranged weapons and melee
   (+5).
   rCorr:     It protects you from acid and corrosion.
Jewellery
 c - a ring of positive energy (left hand)
 f - a ring of poison resistance (right hand)
 y - an amulet of the acrobat (around neck)
Wands
 l - a wand of polymorph (6)
 r - a wand of flame (11)
 w - a wand of paralysis (1)
Scrolls
 i - a scroll of torment
 j - a scroll of identify
Potions
 b - a potion of magic
 d - 2 potions of cancellation
 e - 3 potions of heal wounds
 g - 5 potions of mutation
 h - a potion of haste {unknown}
 m - a potion of lignification {unknown}
 p - a potion of berserk rage {unknown}
 q - 2 potions of degeneration {unknown}
 t - a potion of curing {unknown}
 u - a potion of might {unknown}


   Skills:
 - Level 1.7 Dodging
 - Level 1.7 Stealth
 + Level 4.8 Spellcasting
 + Level 4.9 Conjurations
 + Level 5.7 Fire Magic


You had 2 spell levels left.
You knew the following spells:

 Your Spells              Type           Power      Damage    Failure   Level
a - Foxfire               Conj/Fire      100%       2x1d9     1%          1
b - Scorch                Fire           76%        2d9       1%          2
c - Conjure Flame         Conj/Fire      36%        6-21      2%          3
d - Inner Flame           Hex/Fire       22%        N/A       6%          3
e - Flame Wave            Conj/Fire      36%        2d9       8%          4

Your spell library contained the following spells:

 Spells                   Type           Power      Damage    Failure   Level


Dungeon Overview and Level Annotations

Branches:
Dungeon (5/15)
 Temple: D:4-7


Innate Abilities, Weirdness & Mutations

You have an increased reservoir of magic. (+10% MP)
You shall have no god before yourself.
Your divine heritage dramatically boosts your attributes as you level up.


Message History

Confirm with . or Enter, or press ? or * to list all spells.
You conjure some foxfire!
The foxfire hits the komodo dragon but does no damage.
The komodo dragon is lightly wounded.
The foxfire hits the komodo dragon but does no damage.
The komodo dragon is lightly wounded.
A komodo dragon is nearby!
Casting: Foxfire (safe; 1% risk of failure)
Confirm with . or Enter, or press ? or * to list all spells.
Flames lash the komodo dragon.
The komodo dragon is moderately wounded.
The komodo dragon's fire resistance burns away.
The komodo dragon closely misses you. The komodo dragon bites you!
Casting: Scorch (safe; 1% risk of failure)
Confirm with . or Enter, or press ? or * to list all spells.
Flames lash the komodo dragon.
The komodo dragon is burned terribly!
The komodo dragon is heavily wounded.
The komodo dragon bites you!
The komodo dragon completely misses you.
Casting: Scorch (safe; 1% risk of failure)
Confirm with . or Enter, or press ? or * to list all spells.
Flames lash the komodo dragon.
The komodo dragon is burned terribly!
The komodo dragon is severely wounded.
The komodo dragon bites you!!
Ouch! That really hurt!
* * * LOW HITPOINT WARNING * * *
The komodo dragon closely misses you.
Casting: Scorch (safe; 1% risk of failure)
Confirm with . or Enter, or press ? or * to list all spells.
You miscast Scorch.
You are very lightly contaminated with residual magic.
Nothing appears to happen.
The komodo dragon misses you.
Casting: Scorch (safe; 1% risk of failure)
Confirm with . or Enter, or press ? or * to list all spells.
Flames lash the komodo dragon but do no damage.
The komodo dragon bites you.
* * * LOW HITPOINT WARNING * * *
The komodo dragon bites you!
You die...

###
#..######........
##..# ###......
#..## ##.....
#..# #..... ..##
##†.# #.....
.....###†.##
#..... #......#
#..... ###....###
#..... ##..@..#
##.....
#..l.....#
.......
#....<......
.......
#.......#...
#......
...#.....# #.
####...
...###..... ###.
###. #...... ## #
##...... # #


You could see a komodo dragon (combustible).

Vanquished Creatures
  A hornet (D:5)
  A sky beast (D:5)
  A black bear (D:5)
  An ogre (D:4)
  A scorpion (D:5)
  3 hounds
  An orc priest (D:4)
  2 iguanas
  3 orc wizards
  Natasha (thrice) (D:2)
  2 gnolls
  10 adders
  An ufetubus (D:4)
  4 worms
  5 dart slugs
  10 orcs
  5 ball pythons
  6 endoplasms
  A giant cockroach (D:3)
  7 goblins
  12 hobgoblins
  2 jackals (D:5)
  8 kobolds
  6 quokkas
  6 bats
  3 frilled lizards (D:1)
  5 rats
110 creatures vanquished.

Vanquished Creatures (collateral kills)
  4 foxfires (D:3)
4 creatures vanquished.

Vanquished Creatures (others)
  415 foxfires
  6 fungi (D:5)
421 creatures vanquished.

Grand Total: 535 creatures vanquished

Notes
Turn   | Place    | Note
-------+----------+-------------------------------------------
     0 | D:1      | kae the Demigod Fire Elementalist began the quest for the
                  | Orb.
     0 | D:1      | Reached XP level 1. HP: 14/14 MP: 5/5
    38 | D:1      | Reached skill level 1 in Conjurations
   390 | D:1      | Reached XP level 2. HP: 20/20 MP: 5/7
   475 | D:1      | Reached skill level 3 in Fire Magic
   959 | D:1      | Reached XP level 3. HP: 26/26 MP: 6/9
  2097 | D:2      | Noticed Natasha
  2107 | D:2      | Killed Natasha
  2111 | D:2      | Learned a level 2 spell: Scorch
  2395 | D:2      | Learned a level 3 spell: Conjure Flame
  2400 | D:2      | Reached XP level 4. HP: 18/33 MP: 5/10
  2721 | D:2      | Noticed Natasha
  2734 | D:2      | Killed Natasha
  3126 | D:2      | Identified the +2 robe "Vost" {Int+5}
  3373 | D:2      | Noticed Natasha
  3379 | D:2      | Killed Natasha
  4138 | D:3      | Reached XP level 5. HP: 38/38 MP: 7/12
  4921 | D:2      | Reached skill level 4 in Fire Magic
  5429 | D:3      | Identified the +0 pair of gloves of Wisdom {rCorr Int+3
                  | Slay+5}
  5640 | D:4      | Identified the +9 trident of Big Damage {vorpal, MP+9}
  5768 | D:4      | Noticed an ogre
  5775 | D:4      | Killed an ogre
  5776 | D:4      | Reached XP level 6. HP: 45/45 MP: 14/14
  5789 | D:4      | Learned a level 3 spell: Inner Flame
  6609 | D:5      | Entered Level 5 of the Dungeon
  6619 | D:5      | Reached skill level 5 in Fire Magic
  6619 | D:5      | Reached XP level 7. HP: 45/50 MP: 16/16
  7172 | D:5      | Noticed a hornet
  7176 | D:5      | Paralysed by a hornet for 3 turns
  7379 | D:5      | Learned a level 4 spell: Flame Wave
  7539 | D:5      | Killed a hornet
  8058 | D:5      | Noticed a komodo dragon
  8073 | D:5      | Mangled by a komodo dragon

Illustrated notes

Levels and vault maps discovered:
D:1:      minmay_arrival_diagonal_passages, layout_rooms,
          minmay_misc_feat_encased
D:2:      layout_loops_corners, chequers_arboretum, minmay_3d_cube, uniq_natasha
D:3:      layout_rooms, mainiacjoe_overflow_small_starburst,
          nicolae_dithmenos_through_a_glass_darkly,
          hellmonk_ecumenical_altar_run_dry, kennysheep_cluttered_room,
          cheibrodos_gnoll_hut
D:4:      layout_basic, okawaru_altar_gauntlet_db
D:5:      layout_layer_cave, dreamdust_mushroom_princess

Skill      XL: |  1  2  3  4  5  6 |
---------------+-------------------+-----
Conjurations   | 1 2 3 4 |  4.9
Spellcasting   | 2 3 4 |  4.8
Fire Magic     | 3 4 5 |  5.7
Dodging        | |  1.7
Stealth        | |  1.7

Action                   |  1- 3 |  4- 6 |  7- 9 || total
-------------------------+-------+-------+-------++-------
Melee: Unarmed           |    19 |     4 |       ||    23
       Trident           |       |     3 |    13 ||    16
 Cast: Foxfire           |   106 |   118 |    35 ||   259
       Scorch            |     1 |    21 |     6 ||    28
       Inner Flame       |       |     2 |       ||     2
       Conjure Flame     |       |       |     1 ||     1
Evoke: Wand              |       |       |     2 ||     2
  Use: Scroll            |     2 |     8 |     2 ||    12
       Potion            |       |       |     1 ||     1
Armor: Robe              |    11 |     9 |     6 ||    26
Dodge: Dodged            |    26 |    29 |    27 ||    82

Table legend: (Time is in decaauts)
 A = Elapsed time spent in this place.
 B = Non-inter-level travel time spent in this place.
 C = Inter-level travel time spent in this place.
 D = Time resting spent in this place.
 E = Time spent auto-exploring this place.
 F = Levels seen in this place.
 G = Mean time per level.
                   A        B        C        D        E       F      G
               +--------+--------+--------+--------+--------+-----+--------+
         Total |   8081 |   7929 |    152 |    782 |   6235 |   5 | 1616.2 |
       Dungeon |   8081 |   7929 |    152 |    782 |   6235 |   5 | 1616.2 |
               +--------+--------+--------+--------+--------+-----+--------+

Top non-repeatable levels by time:
     D:2: 3298 daAuts
     D:4: 1318 daAuts
     D:5: 1300 daAuts
     D:1: 1230 daAuts
     D:3: 933 daAuts
